 Dungeon Crawl Stone Soup version 0.29-a0-322-g68df515428 (webtiles) character file.

Game seed: 7449582442242142266

1 BritishOli the Skirmisher (level 1, -1/18 HPs)
             Began as a Demonspawn Monk on Apr 9, 2022.
             Slain by a kobold
             ... wielding a +0 short sword
              (2 damage)
             ... on level 1 of the Dungeon.
             The game lasted 00:00:22 (48 turns).

BritishOli the Skirmisher (Demonspawn Monk)           Turns: 48, Time: 00:00:22

Health: -1/18      AC:  2    Str: 11    XL:     1   Next: 16%
Magic:  1/1        EV: 13    Int: 11    God:
Gold:   8          SH:  0    Dex: 15    Spells: 0/0 levels left

rFire   . . .      SeeInvis .   a - +0 falchion
rCold   . . .      Faith    .   (no shield)
rNeg    . . .      Spirit   .   b - +0 robe
rPois   .          Reflect  .   (no helmet)
rElec   .          Harm     .   (no cloak)
rCorr   .          Rampage  .   (no gloves)
Will    .....                   (no boots)
Stlth   ++........              (no amulet)
HPRegen 0.06/turn               (no ring)
MPRegen 0.07/turn               (no ring)

@: no status effects
A: no striking features
a: no special abilities


You were on level 1 of the Dungeon.
You visited 1 branch of the dungeon, and saw 1 of its levels.

You collected 8 gold pieces.

Inventory:

Hand Weapons
 a - a +0 falchion (weapon)
Armour
 b - a +0 robe (worn)
Scrolls
 d - a scroll of fog {unknown}
Potions
 c - a potion of ambrosia
 e - a potion of heal wounds {unknown}


   Skills:
 + Level 3.0 Fighting
 + Level 2.7 Long Blades
 + Level 2.7 Dodging
 + Level 1.8 Stealth


You couldn't memorise any spells.
You didn't know any spells.
Your spell library was empty.

Dungeon Overview and Level Annotations

Branches:
Dungeon (1/15)

Altars:


Message History

No target in view!
A goblin and a kobold come into view.
A rat comes into view.
There are monsters nearby!
There are monsters nearby!
The goblin shouts!
You hear a shout!
You hit the goblin.
You kill the goblin!
A kobold comes into view. It is wielding a +0 short sword.
The rat barely misses you.
You barely miss the kobold. The kobold hits you with a +0 dagger.
The rat barely misses you.
You hit the kobold but do no damage. The kobold barely misses you.
The rat bites you.
You closely miss the kobold. The kobold barely misses you.
The rat bites you but does no damage.
You miss the kobold. The rat barely misses you.
You hit the kobold.
The kobold is moderately wounded.
The kobold closely misses you. The rat misses you.
The kobold hits you but does no damage. The rat bites you.
The kobold hits you with a +0 dagger.
You barely miss the kobold. The kobold hits you with a +0 dagger.
The kobold hits you with a +0 short sword.
The rat bites you but does no damage.
You are too injured to fight recklessly!
You are too injured to fight recklessly!
You are too injured to fight recklessly!
The kobold attacks as you move away!
The kobold hits you with a +0 short sword.
* * * LOW HITPOINT WARNING * * *
The kobold closely misses you.
Unknown command.
The rat attacks as you move away! The rat closely misses you.
The kobold barely misses you. The kobold attacks as you move away!
The kobold hits you with a +0 dagger.
* * * LOW HITPOINT WARNING * * *
The kobold attacks as you move away!
The kobold hits you with a +0 short sword.
You die...

..........# .........##
.......... ## #..#...# ##
≈≈≈ #....).# ##≈≈≈≈#
#......# #≈≈≈≈#
#..r...###
#######≈≈≈#######K.....#
......≈≈≈≈......@K...#..#
......≈≈≈......###...##.#
......≈≈≈........#..## .#
.....≈≈≈≈............. #
.....≈≈≈≈.......###.##.
.....≈≈≈≈......## #... ..
.....≈≈≈.......# ##. .
.....≈≈≈.......# .
....≈≈≈≈.......#


You could see 2 kobolds and a rat.

Vanquished Creatures
  A goblin (D:1)
1 creature vanquished.

Notes
Turn   | Place    | Note
-------+----------+-------------------------------------------
     0 | D:1      | BritishOli the Demonspawn Monk began the quest for the Orb.
     0 | D:1      | Reached XP level 1. HP: 18/18 MP: 1/1
    48 | D:1      | Slain by a kobold

Illustrated notes

Levels and vault maps discovered:
D:1:      lemuel_arrival_river_ford, layout_rooms, serial_shops, shop,
          ebering_ecumenical_altar_sacrificial

Action                   || total
-------------------------++-------
Melee: Falchion          ||     7
Armor: Robe              ||     3
Dodge: Dodged            ||    10

Table legend: (Time is in decaauts)
 A = Elapsed time spent in this place.
 B = Non-inter-level travel time spent in this place.
 C = Inter-level travel time spent in this place.
 D = Time resting spent in this place.
 E = Time spent auto-exploring this place.
 F = Levels seen in this place.
 G = Mean time per level.
                   A        B        C        D        E       F      G
               +--------+--------+--------+--------+--------+-----+--------+
         Total |     51 |     51 |      0 |      0 |     31 |   1 |   51.0 |
       Dungeon |     51 |     51 |      0 |      0 |     31 |   1 |   51.0 |
               +--------+--------+--------+--------+--------+-----+--------+

Top non-repeatable levels by time:
     D:1: 51 daAuts
